 Dungeon Crawl Stone Soup version 0.29-a0-664-gff9cad4a3d (webtiles) character file.

Game seed: 14972615492718911736

50 lunkers the Digger (level 4, -1/33 HPs)
             Began as a Meteoran Earth Elementalist on June 22, 2022.
             Slain by an orc
             ... wielding a +0 flail
              (2 damage)
             ... on level 4 of the Dungeon.
             The game lasted 00:01:55 (1136 turns).

lunkers the Digger (Meteoran Earth Elementalist)    Turns: 1136, Time: 00:01:55

Health: -1/33      AC:  3    Str:  9    XL:     4   Next: 24%
Magic:  3/10       EV: 12    Int: 19    God:
Gold:   137        SH:  0    Dex: 14    Spells: 4/10 levels left

rFire   . . .      SeeInvis .   (no weapon)
rCold   . . .      Faith    .   (no shield)
rNeg    . . .      Spirit   .   a - +0 robe
rPois   .          Reflect  .   (no helmet)
rElec   .          Harm     .   (no cloak)
rCorr   .          Rampage  .   (no gloves)
Will    .....                   d - +0 pair of boots
Stlth   +.........              (no amulet)
HPRegen 0.11/turn               (no ring)
MPRegen 0.12/turn               (no ring)

@: glowing
A: sense surroundings 1, otherworldly, glowing, explore regen
a: no special abilities


You were on level 4 of the Dungeon.
You visited 1 branch of the dungeon, and saw 4 of its levels.

You collected 137 gold pieces.

Inventory:

Hand Weapons
 i - the +4 broad axe of the Distant Future {freeze, rC+}
   (You found it on level 2 of the Dungeon)

   It freezes those it strikes, dealing additional cold damage.
   It can also slow down cold-blooded creatures.
   rC:        It protects you from cold.
Missiles
 c - 2 throwing nets
Armour
 a - a +0 robe (worn)
 d - a +0 pair of boots (worn)
Scrolls
 f - a scroll of vulnerability {unknown}
 g - a scroll of amnesia {unknown}
 h - a scroll of enchant armour {unknown}
 j - 2 scrolls of fog {unknown}
 k - a scroll of identify {unknown}
 n - a scroll of teleportation {unknown}
 o - a scroll of summoning {unknown}
Potions
 b - a potion of magic
 e - 2 potions of attraction {unknown}
 l - 2 potions of cancellation {unknown}
 m - a potion of flight {unknown}


   Skills:
 - Level 2.4 Dodging
 - Level 1.4 Stealth
 + Level 3.5 Spellcasting
 * Level 0.4 Conjurations
 - Level 1.2 Transmutations
 * Level 5.0 Earth Magic


You had 4 spell levels left.
You knew the following spells:

 Your Spells              Type           Power      Damage    Failure   Level
a - Sandblast             Erth           44%        2d11      1%          1
b - Passwall              Tmut/Erth      12%        N/A       6%          2
c - Stone Arrow           Conj/Erth      26%        3d8       14%         3

Your spell library contained the following spells:

 Spells                   Type           Power      Damage    Failure   Level
 Petrify                  Tmut/Erth      15%        N/A       36%         4


Dungeon Overview and Level Annotations

Branches:
Dungeon (4/15) Zot: 1189
 Temple: D:4-7

Altars:


Innate Abilities, Weirdness & Mutations

You passively map a small area around you.
You are easily found by Zot.
You glow in the dark.
You regain HP and MP as you explore.


Message History

Confirm with . or Enter, or press ? or * to list all spells.
The blast of sand hits the orc but does no damage.
You hear some strange, mumbled words.
A puff of flame appears from out of thin air!
The puff of flame misses you. The orc misses you.
The dart slug launches a dart at you. The slug dart hits you.
The orc hits you with a +0 flail. Something hits you but does no damage.
Casting: Sandblast (safe; 1% risk of failure)
Confirm with . or Enter, or press ? or * to list all spells.
The blast of sand hits the orc.
The orc is severely wounded.
Something hits you. The orc hits you with a +0 flail.
* * * LOW HITPOINT WARNING * * *
The orc hits you with a +0 flail.
* * * LOW HITPOINT WARNING * * *
Something hits you.
* * * LOW HITPOINT WARNING * * *
Casting: Sandblast (safe; 1% risk of failure)
Confirm with . or Enter, or press ? or * to list all spells.
Aiming: Sandblast (safe; 1% risk of failure)
Press: ? - help, Shift-Dir - straight line, f - dart slug, p - orc
Aim: a dart slug (100% to hit)
The blast of sand hits something.
You hear some strange, mumbled words.
A magic dart appears from out of thin air!
The magic dart hits you.
* * * LOW HITPOINT WARNING * * *
The orc misses you. Something hits you but does no damage.
The orc barely misses you.
Unknown command.
Casting: Sandblast (safe; 1% risk of failure)
Confirm with . or Enter, or press ? or * to list all spells.
Aiming: Sandblast (safe; 1% risk of failure)
Press: ? - help, Shift-Dir - straight line, f/p - dart slug
Aim: a dart slug (100% to hit)
The blast of sand hits something.
Something hits you.
* * * LOW HITPOINT WARNING * * *
The orc hits you with a +0 flail.
You die...

.. , , .. ** ., , , # *
.., , # * ...., # .##..
### #####.###... ,..
##....^......#* .# *###
........##...####o#)....
*
................@{w.....,
..#####.........###.....
....# *,.....#.#### ###
#...## .... #....######
##...###.## *####......#
.........##.# ######.#
............# #.#
>.......###..#########.#
...............<.......##


You could see a dart slug and an orc.

Vanquished Creatures
  An adder (D:2)
  2 worms (D:2)
  A dart slug (D:4)
  3 orcs (D:4)
  2 endoplasms
  A giant cockroach (D:4)
  2 hobgoblins
  4 jackals (D:2)
  3 kobolds
  3 quokkas
  2 bats
  A frilled lizard (D:2)
  2 goblins (D:3)
  A rat (D:1)
28 creatures vanquished.

Notes
Turn   | Place    | Note
-------+----------+-------------------------------------------
     0 | D:1      | lunkers the Meteoran Earth Elementalist began the quest for
                  | the Orb.
     0 | D:1      | Reached XP level 1. HP: 14/14 MP: 5/5
   346 | D:1      | Reached XP level 2. HP: 14/20 MP: 2/6
   379 | D:2      | Reached skill level 4 in Earth Magic
   427 | D:2      | Identified the +4 broad axe of the Distant Future {freeze,
                  | rC+}
   495 | D:2      | Reached XP level 3. HP: 26/26 MP: 5/8
  1055 | D:4      | Reached XP level 4. HP: 26/33 MP: 6/10
  1058 | D:4      | Learned a level 2 spell: Passwall
  1062 | D:4      | Learned a level 3 spell: Stone Arrow
  1132 | D:4      | Reached skill level 5 in Earth Magic
  1136 | D:4      | HP: 1/33 [something (2)]
  1136 | D:4      | Slain by an orc

Illustrated notes

Levels and vault maps discovered:
D:1:      dpeg_arrival_circle_labyrinth_c, layout_basic
D:2:      layout_loops_cross, shapermc_ecumenical_altar_pompeii,
          kennysheep_boxes
D:3:      layout_basic, kennysheep_flooded_box
D:4:      layout_rooms

Skill      XL: |  1  2  3  4 |
---------------+-------------+-----
Earth Magic    | 4 5 |  5.0
Spellcasting   | 3 |  3.5
Dodging        | |  2.4
Stealth        | |  1.4
Conjurations   | |  0.4
Transmutations | |  1.2

Action                   |  1- 3 |  4- 6 || total
-------------------------+-------+-------++-------
 Cast: Sandblast         |    44 |     8 ||    52
Armor: Robe              |     9 |     2 ||    11
Dodge: Dodged            |    19 |     4 ||    23

Table legend: (Time is in decaauts)
 A = Elapsed time spent in this place.
 B = Non-inter-level travel time spent in this place.
 C = Inter-level travel time spent in this place.
 D = Time resting spent in this place.
 E = Time spent auto-exploring this place.
 F = Levels seen in this place.
 G = Mean time per level.
                   A        B        C        D        E       F      G
               +--------+--------+--------+--------+--------+-----+--------+
         Total |   1209 |   1187 |     22 |      0 |    852 |   4 |  302.2 |
       Dungeon |   1209 |   1187 |     22 |      0 |    852 |   4 |  302.2 |
               +--------+--------+--------+--------+--------+-----+--------+

Top non-repeatable levels by time:
     D:2: 483 daAuts
     D:1: 379 daAuts
     D:3: 185 daAuts
     D:4: 160 daAuts
